 Dungeon Crawl Stone Soup version 0.18.1-8-gdd0e5ea (webtiles) character file.

1856 Quirk the Ducker (level 8, -6/80 HPs)
             Began as a Troll Fighter on May 26, 2016.
             Was a Priest of Okawaru.
             Mangled by a wyvern (9 damage)
             ... on level 5 of the Dungeon.
             The game lasted 00:10:54 (4507 turns).

Quirk the Ducker (Troll Fighter)                    Turns: 4507, Time: 00:10:55

Health: -6/80      AC: 11    Str: 27    XL:     8   Next: 89%
Magic:  7/7        EV:  8    Int:  6    God:    Okawaru [***...]
Gold:   277        SH: 18    Dex: 10    Spells: 0 memorised, 7 levels left

rFire  . . .     SeeInvis .     v - +1 flail (protect)
rCold  . . .     Gourm    +     b - +0 robe
rNeg   . . .     Faith    .     d - +0 large shield
rPois  .         Spirit   .     (helmet restricted)
rElec  .         Dismiss  .     w - +0 cloak
rCorr  .         Reflect  +     (gloves unavailable)
SustAt +         Harm     .     (boots unavailable)
MR     .....                    m - +3 amulet of reflection
Stlth  +.........               y - ring of sustain attributes
                                j - +3 ring of dexterity

@: not resistant to hostile enchantments, very unstealthy
A: unfitting armour, claws 3, clever 1, clumsy 1, fast metabolism 3, gourmand,
sense surroundings 1, regeneration 2, shaggy fur 1, tough skin 2
a: Heroism, Renounce Religion


You were on level 5 of the Dungeon.
You worshipped Okawaru.
Okawaru was most pleased with you.
You were completely stuffed.

You visited 1 branch of the dungeon, and saw 5 of its levels.

You collected 277 gold pieces.

Inventory:

Hand Weapons
 a - the +10 quarterstaff of Subterfuge {crush, +Fly, unknown}
   (You found it on level 4 of the Dungeon)

   It inflicts extra damage upon your enemies.
   It lets you fly.
 v - a +1 flail of protection (weapon)
 L - a cursed -2 giant club
Missiles
 B - 2 javelins (quivered)
 C - 3 poisoned tomahawks
Armour
 b - a +0 robe (worn)
 c - a +0 shield
 d - a +0 large shield (worn)
 w - a +0 cloak (worn)
 N - a troll hide
Jewellery
 j - a +3 ring of dexterity (left claw)
 m - a +3 amulet of reflection (around neck)
 y - a ring of sustain attributes (right claw)
 A - an uncursed ring of see invisible
 G - a +2 ring of intelligence
Scrolls
 e - 2 scrolls of remove curse
 h - a scroll of random uselessness {unknown}
 i - a scroll of enchant weapon {unknown}
 l - 5 scrolls of teleportation {unknown}
 n - 6 scrolls of identify {unknown}
 p - 2 scrolls of fog {unknown}
 s - a scroll of fear {unknown}
 t - a scroll of magic mapping {unknown}
 u - a scroll of amnesia {unknown}
Potions
 g - 2 potions of brilliance {unknown}
 k - a potion of haste {unknown}
 o - a potion of lignification
 r - a potion of agility {unknown}
 x - 3 potions of mutation
 D - a potion of cure mutation {unknown}
 F - a potion of flight {unknown}
 H - 2 potions of curing {unknown}
 I - a potion of cancellation {unknown}
 J - a potion of invisibility {unknown}
 K - 2 potions of might
Comestibles
 f - 5 bread rations
 q - 5 fruits
 z - 2 slices of pizza
 E - a meat ration
 M - a chunk of flesh


   Skills:
 * Level 5.2 Fighting
 * Level 5.5 Maces & Flails
 + Level 3.0 Armour
 * Level 5.6 Dodging
 + Level 3.9 Shields


You had 7 spell levels left.
You didn't know any spells.

Dungeon Overview and Level Annotations

Branches:
Dungeon (5/15)
 Temple: D:4-7

Altars:
Dithmenos
Nemelex Xobeh
Okawaru
Yredelemnul

Shops:
D:4 [


Innate Abilities, Weirdness & Mutations

You are too large for most types of armour.
You have claws for hands.
Your metabolism is lightning-fast.
You like to eat raw meat.
You heal very quickly.
You are covered in fur (AC +1).
You have very tough skin (AC +2).
Your mind is acute. (Int +2)
You are clumsy. (Dex -2)
You passively map a small area around you.


Message History

You block the wyvern's attack. The wyvern bites you!
* * * LOW HITPOINT WARNING * * *
You closely miss the wyvern.
The wyvern is severely wounded.
You block the wyvern's attack.
You closely miss the wyvern.
The wyvern is severely wounded.
The wyvern bites you!
* * * LOW HITPOINT WARNING * * *
You block the wyvern's attack.
You hit the wyvern.
The wyvern is severely wounded.
The wyvern bites you.
* * * LOW HITPOINT WARNING * * *
The wyvern bites you.
* * * LOW HITPOINT WARNING * * *
You closely miss the wyvern.
The wyvern is severely wounded.
You block the wyvern's attack. The wyvern bites you!
You die...

>######.##.....############.##...
......)..####### #.##...
.######..# #.###.# .#
################### * #.# #.# .#
#.(...#.....#..... , #.# #.#
.###.....#.....#.....# , #.# #.#
...#.)#..#..#..#..#..# ##.# #.#
.###..#..#..#..#l.#..###'##.# #..
.# #..#.....#...@.#...... #.# ##.
.# #.(#.....#.....#l.... #.# #.
.# #..#####################.# #.
.# #........................# #.
.# #....................†...# #.
.# #.†#####################.# #.
.# #..#.....#.....#......##.# #.
.# #..#.....#.....#......#..# #.
.# #..#..#..#..#..#..###'#### #.


You could see a wyvern.

Vanquished Creatures
  A troll (D:5)
  Edmund (D:3)
  3 sky beasts (D:5)
  2 ice beasts
  A phantom (D:4)
  The ghost of abcd123 the Conjurer, an amateur NaWz (D:3)
  An ogre (D:5)
  A giant frog (D:5)
  2 scorpions
  A howler monkey (D:5)
  A crimson imp (D:5)
  A jelly (D:5)
  A hound (D:5)
  3 orc wizards
  3 orc priests
  Jessica (D:3)
  An iguana (D:4)
  Terence (D:3)
  Natasha (thrice) (D:3)
  A worker ant (D:4)
  A hound skeleton (D:5)
  A worker ant zombie (D:5)
  6 adders
  An ooze (D:2)
  2 worms
  2 dart slugs
  2 giant geckos (D:3)
  9 orcs
  3 giant cockroaches
  5 goblins
  4 hobgoblins
  6 jackals
  4 quokkas
  3 ball pythons
  A ball python skeleton (D:4)
  6 bats
  A giant gecko zombie (D:5)
  2 giant newts
  A jackal skeleton (D:4)
  4 kobolds
  A quokka skeleton (D:4)
  A quokka zombie (D:5)
  6 rats
102 creatures vanquished.

Notes
Turn   | Place    | Note
--------------------------------------------------------------
     0 | D:1      | Quirk the Troll Fighter began the quest for the Orb.
     0 | D:1      | Reached XP level 1. HP: 22/22 MP: 0/0
   132 | D:1      | Reached XP level 2. HP: 15/29 MP: 1/1
  1083 | D:2      | Reached XP level 3. HP: 36/36 MP: 2/2
  1639 | D:2      | Reached skill level 1 in Armour
  1820 | D:3      | Noticed abcd123's ghost (amateur NaWz)
  1871 | D:3      | Killed abcd123's ghost
  1871 | D:3      | Reached XP level 4. HP: 37/45 MP: 3/3
  1871 | D:3      | Reached XP level 5. HP: 43/53 MP: 4/4
  1914 | D:3      | Noticed Natasha
  1923 | D:3      | Killed Natasha
  1941 | D:3      | Noticed Jessica
  1948 | D:3      | Killed Jessica
  2395 | D:3      | Found an iron altar of Okawaru.
  2411 | D:3      | Became a worshipper of Warmaster Okawaru
  2442 | D:3      | Noticed Terence
  2450 | D:3      | Killed Terence
  2558 | D:3      | Noticed Natasha
  2567 | D:3      | Killed Natasha
  2707 | D:3      | Noticed Natasha
  2718 | D:3      | Killed Natasha
  2718 | D:3      | Reached XP level 6. HP: 54/61 MP: 5/5
  2753 | D:3      | Gained mutation: You are clumsy. (Dex -2) [potion of mutation]
  2753 | D:3      | Gained mutation: Your mind is acute. (Int +2) [potion of mutation]
  2753 | D:3      | Gained mutation: You passively map a small area around you. [potion of mutation]
  2870 | D:4      | Noticed Edmund
  2883 | D:3      | Killed Edmund
  2883 | D:3      | Reached * piety under Okawaru
  2895 | D:3      | Reached XP level 7. HP: 65/68 MP: 6/6
  2912 | D:4      | Got a slimy quarterstaff
  2952 | D:4      | Found Kaohun's Armour Emporium.
  3148 | D:4      | Found a sparkling altar of Nemelex Xobeh.
  3231 | D:4      | Found a basalt altar of Yredelemnul.
  3574 | D:5      | Entered Level 5 of the Dungeon
  3595 | D:5      | Found a shadowy altar of Dithmenos.
  3697 | D:5      | Reached ** piety under Okawaru
  3715 | D:5      | Reached XP level 8. HP: 28/79 MP: 7/7
  3878 | D:5      | Reached skill level 5 in Dodging
  3971 | D:5      | Reached skill level 5 in Maces & Flails
  4269 | D:5      | Noticed a troll
  4361 | D:5      | Reached skill level 5 in Fighting
  4470 | D:5      | Killed a troll
  4470 | D:5      | Reached *** piety under Okawaru
  4506 | D:5      | HP: 3/80 [wyvern (5)]
  4507 | D:5      | Mangled by a wyvern

Skill      XL: |  1  2  3  4  5  6  7  8 |
---------------+-------------------------+-----
Maces & Flails | 2 3 4 5 |  5.5
Armour         | 1 2 3 |  3.0
Fighting       | 3 4 5 |  5.2
Dodging        | 3 4 5 |  5.6
Shields        | 3 |  3.9

Action                   |  1- 3 |  4- 6 |  7- 9 || total
-------------------------+-------+-------+-------++-------
Melee: Flail             |   134 |   116 |   264 ||   514
  Use: Potion            |     1 |     3 |       ||     4
       Scroll            |       |       |     1 ||     1
 Stab: Sleeping          |     1 |       |     1 ||     2
  Eat: Chunk             |    23 |    10 |    16 ||    49
Armor: Robe              |    37 |    46 |    71 ||   154
       Skin              |       |     3 |       ||     3
Dodge: Dodged            |    48 |    34 |    46 ||   128
Block: Shield            |    60 |    15 |       ||    75
       Large shield      |       |   108 |   250 ||   358
       Reflection        |       |       |     5 ||     5
